General information
- name: BNet
- type: Ladder team game (AT/RT)
- host: Battle.net
- saver: Yippie-aye-ay
map: Northshire_LV
- players: 8
- length: 39:39
- speed: Fast
- version: 1.29 W3XP
- replay type: Public
» download(388 KB)
Players
team 1 (winner)
Birdgang (
red | 68 APM | 1852 actions | 27:12)
7 Paladin
3 Holy Light
3 Devotion Aura
1 Resurrection
5 Blood Mage
2 Siphon Mana
2 Flame Strike
1 Banish
» actions
| Assign group hotkey | 27 | |
| Basic commands | 103 | |
| Build / train | 98 | |
| ESC pressed | 11 | |
| Enter build submenu | 22 | |
| Enter hero's abilities submenu | 12 | |
| Give item / drop item | 2 | |
| Remove unit from queue | 1 | |
| Right click | 833 | |
| Select / deselect | 330 | |
| Select group hotkey | 298 | |
| Use ability | 115 | |
1852 total
» units
| Peasant | 18 | |
| Footman | 7 | |
| Knight | 12 | |
| Flying Machine | 16 | |
| Mortar Team | 1 | |
| Rifleman | 2 | |
56 total
» upgrades
| Defend | 1 | |
| Swords | 2 | |
| Plating | 2 | |
| Animal War Training | 1 | |
| Long Rifles | 1 | |
| Lumber Harvesting | 1 | |
8 total
» buildings
| Altar of Kings | 1 | |
| Barracks | 2 | |
| Farm | 11 | |
| Scout Tower | 3 | |
| Arcane Tower | 1 | |
| Arcane Vault | 1 | |
| Keep | 1 | |
| Blacksmith | 1 | |
| Lumber Mill | 1 | |
| Castle | 1 | |
| Town Hall | 1 | |
| Workshop | 3 | |
| Guard Tower | 2 | |
29 total
» build order
00:11 Altar of Kings
00:26 Barracks
00:35 Farm
00:49 Farm
01:22 Scout Tower
01:41 Farm
02:15 Arcane Tower
02:18 Farm
02:45 Arcane Vault
04:10 Keep
04:51 Blacksmith
04:53 Lumber Mill
04:56 Farm
06:40 Castle
07:30 Barracks
08:16 Town Hall
08:38 Farm
08:39 Farm
11:19 Farm
15:26 Workshop
15:29 Workshop
15:30 Workshop
15:32 Farm
15:32 Farm
15:33 Farm
17:53 Scout Tower
17:54 Scout Tower
21:13 Guard Tower
21:13 Guard Tower
» items
| Scroll of Regeneration | 5 | |
| Lesser Clarity Potion | 4 | |
| Scroll of Town Portal | 3 | |
12 total

»
Leandro0001 (
blue | 61 APM | 2429 actions | 39:38)
5 Far Seer
2 Feral Spirit
3 Chain Lighting
4 Shadow Hunter
2 Hex
2 Healing Wave
» actions
| Assign group hotkey | 43 | |
| Build / train | 101 | |
| ESC pressed | 1 | |
| Enter build submenu | 19 | |
| Enter hero's abilities submenu | 9 | |
| Give item / drop item | 5 | |
| Remove unit from queue | 1 | |
| Right click | 1220 | |
| Select / deselect | 379 | |
| Select group hotkey | 547 | |
| Use ability | 104 | |
2429 total
» units
| Peon | 22 | |
| Grunt | 4 | |
| Wind Rider | 28 | |
| Troll Headhunter/Berserker | 5 | |
59 total
» upgrades
| Ranged Weapons | 3 | |
| Armor | 3 | |
| Berserker Strength | 1 | |
| Envenomed Spears | 1 | |
| Reinforced Defenses | 1 | |
9 total
» buildings
| Barracks | 1 | |
| Orc Burrow | 12 | |
| Altar of Storms | 1 | |
| Voodoo Lounge | 2 | |
| Stronghold | 1 | |
| War Mill | 1 | |
| Great Hall | 1 | |
| Beastiary | 1 | |
| Fortress | 1 | |
21 total
» build order
00:25 Barracks
00:37 Orc Burrow
00:53 Altar of Storms
01:49 Orc Burrow
02:31 Voodoo Lounge
03:53 Stronghold
03:55 Orc Burrow
04:30 War Mill
05:40 Great Hall
07:19 Beastiary
07:45 Orc Burrow
08:06 Fortress
09:24 Orc Burrow
12:51 Orc Burrow
17:12 Orc Burrow
17:14 Orc Burrow
17:46 Orc Burrow
18:18 Orc Burrow
18:19 Orc Burrow
18:41 Voodoo Lounge
25:02 Orc Burrow
» items
| Healing Salve | 5 | |
| Potion of Healing | 2 | |
| Lesser Clarity Potion | 2 | |
| Scroll of Speed | 3 | |
| Boots of Speed | 1 | |
| Potion of Lesser Invulnerability | 1 | |
| Scroll of Town Portal | 2 | |
| Orb of Lightning | 2 | |
| Potion of Mana | 1 | |
19 total

»
Gumbo (
teal | 125 APM | 3013 actions | 24:06)
6 Warden
3 Fan of Knives
2 Shadow Strike
1 Spirit of Vengeance
4 Keeper of the Grove
2 Entangling Roots
2 Thorns Aura
» actions
| Assign group hotkey | 34 | |
| Basic commands | 86 | |
| Build / train | 94 | |
| Enter build submenu | 17 | |
| Enter hero's abilities submenu | 10 | |
| Give item / drop item | 2 | |
| Remove unit from queue | 1 | |
| Right click | 1399 | |
| Select / deselect | 607 | |
| Select group hotkey | 677 | |
| Use ability | 85 | |
3013 total
» units
| Wisp | 20 | |
| Archer | 26 | |
| Forest Troll High Priest | 1 | |
| Dryad | 14 | |
| Mountain Giant | 1 | |
62 total
» upgrades
| Strength of the Wild | 2 | |
| Reinforced Hides | 1 | |
| Strength of the Moon | 2 | |
| Improved Bows | 1 | |
| Abolish Magic | 1 | |
| Marksmanship | 1 | |
| Hardened Skin | 1 | |
| Well Spring | 1 | |
| Resistant Skin | 1 | |
11 total
» buildings
| Altar of Elders | 1 | |
| Moon Well | 8 | |
| Ancient of War | 1 | |
| Tree of Ages | 1 | |
| Tree of Life | 2 | |
| Ancient of Wonders | 1 | |
| Hunter's Hall | 1 | |
| Ancient of Lore | 2 | |
| Tree of Eternity | 1 | |
18 total
» build order
00:03 Altar of Elders
00:21 Moon Well
00:35 Ancient of War
01:34 Moon Well
03:25 Tree of Ages
03:59 Moon Well
05:15 Tree of Life
05:27 Moon Well
05:38 Ancient of Wonders
06:08 Hunter's Hall
07:17 Ancient of Lore
09:12 Ancient of Lore
09:13 Tree of Eternity
10:11 Moon Well
12:08 Moon Well
13:32 Moon Well
19:18 Moon Well
20:00 Tree of Life
» items
| Boots of Speed | 1 | |
| Periapt of Vitality | 1 | |
| Lesser Clarity Potion | 1 | |
| Scroll of Town Portal | 2 | |
| Orb of Venom | 1 | |
6 total
Yippie-aye-ay (
yellow | 70 APM | 2766 actions | 39:39)
6 Archmage
3 Summon Water Elemental
2 Brilliance Aura
1 Mass Teleport
» actions
| Assign group hotkey | 44 | |
| Basic commands | 251 | |
| Build / train | 78 | |
| Enter build submenu | 43 | |
| Enter hero's abilities submenu | 7 | |
| Give item / drop item | 3 | |
| Remove unit from queue | 1 | |
| Right click | 951 | |
| Select / deselect | 426 | |
| Select group hotkey | 818 | |
| Use ability | 144 | |
2766 total
» units
| Peasant | 13 | |
| Footman | 4 | |
| Goblin Shredder | 1 | |
| Gryphon Rider | 8 | |
| Dragonhawk Rider | 5 | |
| Goblin Zeppelin | 1 | |
| Goblin Sapper | 4 | |
36 total
» upgrades
| Masonry | 3 | |
| Storm Hammers | 1 | |
| Animal War Training | 1 | |
| Swords | 3 | |
| Armor | 3 | |
| Cloud | 1 | |
12 total
» buildings
| Altar of Kings | 1 | |
| Barracks | 1 | |
| Farm | 13 | |
| Scout Tower | 17 | |
| Arcane Tower | 1 | |
| Arcane Vault | 1 | |
| Keep | 1 | |
| Town Hall | 2 | |
| Lumber Mill | 1 | |
| Castle | 1 | |
| Guard Tower | 5 | |
| Gryphon Aviary | 6 | |
| Blacksmith | 2 | |
52 total
» build order
00:49 Altar of Kings
00:50 Barracks
00:53 Farm
00:53 Farm
01:03 Farm
02:13 Scout Tower
02:40 Arcane Tower
03:01 Arcane Vault
03:29 Keep
03:47 Farm
04:12 Town Hall
05:10 Lumber Mill
05:52 Castle
06:01 Scout Tower
06:01 Scout Tower
06:02 Scout Tower
06:03 Scout Tower
06:53 Guard Tower
07:05 Gryphon Aviary
07:06 Gryphon Aviary
07:07 Gryphon Aviary
07:22 Gryphon Aviary
08:05 Blacksmith
08:06 Blacksmith
09:45 Farm
09:48 Farm
09:51 Farm
09:57 Farm
09:59 Farm
11:50 Scout Tower
11:50 Scout Tower
11:51 Scout Tower
11:51 Scout Tower
13:06 Guard Tower
13:06 Guard Tower
17:45 Farm
17:46 Farm
18:27 Farm
18:28 Farm
18:40 Gryphon Aviary
18:41 Gryphon Aviary
21:14 Town Hall
21:16 Scout Tower
21:16 Scout Tower
21:17 Scout Tower
21:17 Scout Tower
21:18 Scout Tower
21:19 Scout Tower
21:19 Scout Tower
21:19 Scout Tower
22:01 Guard Tower
27:07 Guard Tower
» items
| Mechanical Critter | 5 | |
| Scroll of Regeneration | 2 | |
| Scroll of Town Portal | 2 | |
| Scroll of Protection | 1 | |
| Scroll of Healing | 2 | |
| Lesser Clarity Potion | 1 | |
| Tiny Great Hall | 1 | |
14 total
team 2 (loser)

»
LordJamo (
green | 111 APM | 2254 actions | 20:17)
5 Death Knight
3 Death Coil
2 Unholy Aura
» actions
| Assign group hotkey | 22 | |
| Basic commands | 48 | |
| Build / train | 65 | |
| Enter build submenu | 24 | |
| Enter hero's abilities submenu | 5 | |
| Give item / drop item | 1 | |
| Remove unit from queue | 2 | |
| Right click | 1149 | |
| Select / deselect | 449 | |
| Select group hotkey | 355 | |
| Use ability | 134 | |
2254 total
» units
| Acolyte | 11 | |
| Ghoul | 4 | |
| Crypt Fiend | 9 | |
| Necromancer | 10 | |
| Goblin Shredder | 1 | |
| Meatwagon | 2 | |
37 total
» upgrades
| Creature Attack | 1 | |
| Creature Carapace | 1 | |
| Unholy Strength | 3 | |
| Unholy Armor | 2 | |
| Necromancer Training | 2 | |
| Skeletal Longevity | 1 | |
| Skeletal Mastery | 1 | |
| Ghoul Frenzy | 1 | |
| Web | 1 | |
13 total
» buildings
| Crypt | 1 | |
| Ziggurat | 7 | |
| Altar of Darkness | 1 | |
| Graveyard | 1 | |
| Tomb of Relics | 1 | |
| Halls of the Dead | 1 | |
| Black Citadel | 1 | |
| Temple of the Damned | 2 | |
| Slaughterhouse | 1 | |
| Spirit Tower | 2 | |
| Nerubian Tower | 1 | |
| Sacrificial Pit | 1 | |
20 total
» build order
00:09 Crypt
00:12 Ziggurat
00:14 Ziggurat
00:42 Altar of Darkness
01:22 Graveyard
01:30 Tomb of Relics
02:02 Ziggurat
05:36 Halls of the Dead
06:57 Ziggurat
06:59 Ziggurat
07:59 Black Citadel
09:00 Temple of the Damned
09:03 Temple of the Damned
09:43 Slaughterhouse
10:14 Black Citadel
10:19 Ziggurat
10:20 Ziggurat
11:53 Spirit Tower
11:53 Spirit Tower
11:54 Nerubian Tower
17:31 Sacrificial Pit
» items
WhatUpGanGsta1 (
purple | 40 APM | 818 actions | 20:22)
5 Firelord
3 Soul Burn
2 Incinerate
» actions
| Assign group hotkey | 6 | |
| Basic commands | 12 | |
| Build / train | 45 | |
| Enter build submenu | 15 | |
| Enter hero's abilities submenu | 7 | |
| Give item / drop item | 3 | |
| Right click | 440 | |
| Select / deselect | 160 | |
| Select group hotkey | 81 | |
| Use ability | 49 | |
818 total
» units
| Acolyte | 7 | |
| Ghoul | 17 | |
| Forest Troll High Priest | 1 | |
25 total
» upgrades
| Cannibalize | 1 | |
| Unholy Armor | 2 | |
| Unholy Strength | 1 | |
| Ghoul Frenzy | 1 | |
5 total
» buildings
| Crypt | 2 | |
| Ziggurat | 9 | |
| Altar of Darkness | 1 | |
| Nerubian Tower | 3 | |
| Tomb of Relics | 1 | |
| Halls of the Dead | 1 | |
| Graveyard | 1 | |
| Black Citadel | 1 | |
| Spirit Tower | 3 | |
22 total
» build order
00:09 Crypt
00:12 Ziggurat
00:32 Altar of Darkness
01:02 Crypt
01:30 Ziggurat
02:44 Nerubian Tower
03:17 Tomb of Relics
03:48 Ziggurat
04:05 Halls of the Dead
04:41 Ziggurat
04:48 Graveyard
04:50 Nerubian Tower
06:32 Black Citadel
07:04 Spirit Tower
08:05 Ziggurat
08:07 Ziggurat
08:17 Ziggurat
09:00 Spirit Tower
09:01 Nerubian Tower
09:09 Spirit Tower
09:55 Ziggurat
12:35 Ziggurat
» items
WAITIN_4_REAPER (
orange | 83 APM | 1687 actions | 20:17)
6 Keeper of the Grove
2 Force of Nature
3 Entangling Roots
1 Tranquility
5 Priestess of the Moon
3 Trueshot Aura
2 Searing Arrows
» actions
| Assign group hotkey | 84 | |
| Basic commands | 149 | |
| Build / train | 75 | |
| Enter build submenu | 21 | |
| Enter hero's abilities submenu | 12 | |
| Give item / drop item | 3 | |
| Right click | 352 | |
| Select / deselect | 623 | |
| Select group hotkey | 304 | |
| Use ability | 64 | |
1687 total
» units
| Wisp | 17 | |
| Archer | 6 | |
| Druid of the Talon | 5 | |
| Chimaera | 7 | |
| Hippogryph | 11 | |
46 total
» upgrades
| Improved Bows | 1 | |
| Druid of the Talon Training | 1 | |
| Corrosive Breath | 1 | |
3 total
» buildings
| Altar of Elders | 2 | |
| Moon Well | 8 | |
| Ancient of War | 2 | |
| Tree of Ages | 1 | |
| Tree of Life | 2 | |
| Ancient of Wonders | 1 | |
| Tree of Eternity | 1 | |
| Ancient of Wind | 3 | |
| Chimaera Roost | 2 | |
22 total
» build order
00:01 Altar of Elders
00:04 Altar of Elders
00:17 Moon Well
00:47 Ancient of War
01:31 Moon Well
03:13 Tree of Ages
04:05 Moon Well
04:17 Tree of Life
04:28 Ancient of Wonders
04:59 Moon Well
05:54 Tree of Eternity
06:49 Moon Well
07:01 Ancient of Wind
08:53 Chimaera Roost
08:55 Chimaera Roost
09:16 Tree of Life
09:17 Ancient of War
10:36 Moon Well
11:58 Moon Well
12:04 Moon Well
12:47 Ancient of Wind
17:07 Ancient of Wind
» items
| Scroll of Town Portal | 2 | |
| Potion of Healing | 4 | |
| Scroll of Healing | 2 | |
| Orb of Corruption | 1 | |
| Potion of Mana | 1 | |
10 total
adadadadad (
pink | 88 APM | 3479 actions | 39:38)
9 Archmage
3 Summon Water Elemental
3 Brilliance Aura
1 Mass Teleport
2 Blizzard
2 Keeper of the Grove
1 Force of Nature
1 Thorns Aura
1 Priestess of the Moon
1 Starfall
» actions
| Assign group hotkey | 86 | |
| Basic commands | 126 | |
| Build / train | 175 | |
| ESC pressed | 4 | |
| Enter build submenu | 66 | |
| Enter hero's abilities submenu | 12 | |
| Give item / drop item | 11 | |
| Right click | 950 | |
| Select / deselect | 594 | |
| Select group hotkey | 1164 | |
| Use ability | 291 | |
3479 total
» units
| Peasant | 18 | |
| Footman | 3 | |
| Goblin Shredder | 2 | |
| Gryphon Rider | 6 | |
| Dragonhawk Rider | 3 | |
| Goblin Sapper | 3 | |
| Goblin Zeppelin | 1 | |
| Priest | 2 | |
| Spell Breaker | 1 | |
| Rifleman | 1 | |
| Siege Engine | 1 | |
41 total
» upgrades
| Masonry | 3 | |
| Swords | 3 | |
| Animal War Training | 1 | |
| Armor | 3 | |
| Storm Hammers | 1 | |
| Cloud | 1 | |
| Sorceress Training | 2 | |
| Priest Training | 2 | |
| Lumber Harvesting | 2 | |
| Plating | 3 | |
| Gunpowder | 4 | |
| Long Rifles | 1 | |
| Control Magic | 1 | |
| Barrage | 1 | |
| Fragmentation Shards | 2 | |
| Flak Cannons | 1 | |
| Flare | 1 | |
| Magic Sentry | 1 | |
33 total
» buildings
| Altar of Kings | 1 | |
| Barracks | 3 | |
| Farm | 10 | |
| Arcane Vault | 2 | |
| Keep | 3 | |
| Town Hall | 3 | |
| Castle | 2 | |
| Lumber Mill | 1 | |
| Blacksmith | 1 | |
| Scout Tower | 27 | |
| Arcane Tower | 7 | |
| Guard Tower | 27 | |
| Gryphon Aviary | 4 | |
| Arcane Sanctum | 4 | |
| Workshop | 4 | |
99 total
» build order
00:49 Altar of Kings
00:52 Barracks
00:54 Farm
01:07 Farm
01:12 Farm
01:46 Arcane Vault
01:59 Farm
02:19 Farm
03:48 Keep
03:48 Keep
04:05 Town Hall
06:57 Castle
06:58 Castle
07:01 Lumber Mill
07:02 Blacksmith
07:06 Farm
07:08 Scout Tower
07:19 Scout Tower
07:21 Scout Tower
07:30 Scout Tower
07:32 Scout Tower
07:33 Scout Tower
07:35 Scout Tower
07:40 Scout Tower
07:57 Arcane Tower
07:58 Arcane Tower
07:59 Arcane Tower
08:25 Guard Tower
08:25 Guard Tower
08:30 Guard Tower
08:30 Guard Tower
08:32 Gryphon Aviary
08:34 Gryphon Aviary
08:37 Gryphon Aviary
09:13 Guard Tower
09:13 Guard Tower
09:28 Guard Tower
09:28 Guard Tower
09:43 Guard Tower
09:43 Guard Tower
11:40 Gryphon Aviary
11:45 Farm
11:47 Farm
12:31 Arcane Sanctum
12:32 Arcane Sanctum
12:34 Scout Tower
13:08 Guard Tower
15:48 Farm
15:49 Farm
19:01 Town Hall
19:10 Scout Tower
19:11 Scout Tower
19:12 Scout Tower
19:13 Scout Tower
19:14 Scout Tower
19:15 Scout Tower
19:17 Scout Tower
19:19 Scout Tower
19:48 Guard Tower
20:18 Arcane Tower
20:19 Guard Tower
20:19 Guard Tower
23:22 Arcane Vault
23:25 Keep
25:04 Scout Tower
25:05 Scout Tower
25:09 Scout Tower
25:27 Scout Tower
26:06 Guard Tower
26:06 Guard Tower
26:11 Scout Tower
26:36 Arcane Sanctum
26:37 Arcane Sanctum
29:22 Guard Tower
29:22 Guard Tower
31:15 Town Hall
31:16 Scout Tower
31:17 Scout Tower
31:18 Scout Tower
31:19 Scout Tower
31:21 Scout Tower
31:42 Guard Tower
31:42 Guard Tower
31:45 Arcane Tower
31:45 Arcane Tower
31:45 Arcane Tower
31:46 Guard Tower
31:47 Guard Tower
31:47 Guard Tower
31:48 Guard Tower
32:26 Guard Tower
32:27 Guard Tower
32:27 Guard Tower
34:02 Workshop
35:04 Workshop
36:06 Workshop
36:08 Workshop
38:00 Barracks
38:04 Barracks
» items
| Mechanical Critter | 7 | |
| Scroll of Regeneration | 5 | |
| Scroll of Town Portal | 2 | |
| Ivory Tower | 3 | |
| Staff of Sanctuary | 1 | |
| Potion of Invisibility | 2 | |
| Potion of Lesser Invulnerability | 2 | |
| Staff of Teleportation | 1 | |
| Orb of Corruption | 1 | |
| Lesser Clarity Potion | 3 | |
| Scroll of Protection | 3 | |
| Potion of Healing | 3 | |
33 total
Chat log
(00:21 / Allies) Birdgang: imrushing
(00:38 / Allies) Birdgang: make pally to heal ur heros
(01:27 / Allies) Birdgang: good talk team
(01:40 / Allies) Leandro0001: mass wind raiders here
(01:45 / All) WhatUpGanGsta1: whats up gumbo
(01:52 / All) Birdgang: no talkin in chat plz
(01:58 / All) Gumbo: hi
(01:59 / All) WhatUpGanGsta1: this nigga
(02:05 / All) adadadadad: yes be silent and pretend this is starshit 2
(02:05 / All) WhatUpGanGsta1: that nigga just BS our team lol
(02:09 / All) Gumbo: no
(02:10 / All) Gumbo: i didnt
(02:17 / All) WhatUpGanGsta1: ngga ill slice u
(02:21 / All) Gumbo: ok..
(02:27 / All) WhatUpGanGsta1: pussy ass nigga'
(02:35 / All) Birdgang: Ya uze a pussy nigga gumbo
(02:44 / All) Gumbo: the human next to me last game
(02:48 / All) Gumbo: tped and kill my townhall
(02:53 / All) Gumbo: because i last hit a creep
(02:55 / Allies) Birdgang: did u provoke him
(03:06 / Allies) Birdgang: im hit
(03:09 / Allies) Birdgang: come
(03:18 / All) Gumbo: he deserved it
(03:29 / All) Birdgang: Is this true?
(04:06 / Allies) Birdgang: yall work as a team well
(04:38 / All) Birdgang: Fuck ur couch
(05:39 / All) Birdgang: Has everyone ghone poop today
(05:52 / All) Birdgang: ???
(07:13 / All) Birdgang: U guys shy?
(07:34 / All) Birdgang: thats hot
(10:29 / Allies) Leandro0001: force tp and out ok?
(10:33 / Allies) Birdgang: gimme sobe u turd
(10:38 / Allies) Yippie-aye-ay: need
(10:47 / Allies) Birdgang: u have brilliance aura
(10:50 / Allies) Birdgang: no u dont
(10:53 / Allies) Yippie-aye-ay: I'll give it later
(11:00 / Allies) Birdgang: sure
(11:33 / Allies) Birdgang: not sure y ur attacking
(11:34 / Allies) Birdgang: by urself
(12:18 / Allies) Birdgang: care
(12:35 / Allies) Birdgang: i got melle
(12:36 / Allies) Birdgang: get aa
(12:49 / Allies) Birdgang: probe
(12:56 / Allies) Birdgang: naub
(12:57 / Allies) Birdgang: naub
(12:58 / Allies) Birdgang: main
(13:01 / Allies) Birdgang: main main
(13:02 / Allies) Birdgang: main
(13:03 / Allies) Birdgang: main
(13:03 / Allies) Birdgang: main
(13:04 / Allies) Birdgang: main
(13:07 / Allies) Leandro0001: ]careful
(13:09 / Allies) Leandro0001: main
(13:18 / Allies) Leandro0001: very good
(13:28 / Allies) Birdgang: get rdy to tp
(13:29 / Allies) Birdgang: to blue
(15:04 / All) Yippie-aye-ay: awesome base design and shop
(15:39 / Allies) Birdgang: wtf
(15:41 / Allies) Birdgang: r udoing yellow
(15:45 / Allies) Birdgang: kill his chims u fuck
(15:48 / Allies) Yippie-aye-ay: reviving me fucking hero
(15:55 / All) WhatUpGanGsta1: bitches thats what u get
(15:58 / All) WhatUpGanGsta1: for takig ne
(17:23 / Allies) Birdgang: tp
(17:38 / Allies) Leandro0001: careful
(17:54 / Allies) Leandro0001: careful
(17:59 / Allies) Leandro0001: out
(18:02 / All) Yippie-aye-ay: God
(18:06 / All) Yippie-aye-ay: Forgot I used tp at blue base
(18:07 / Allies) Birdgang: need to hit pink
(18:21 / All) Yippie-aye-ay: Going 100 food and killing orange and green
(18:26 / Allies) Birdgang: meet
(18:35 / All) Yippie-aye-ay: this little faggots teaming me
(18:36 / Allies) Birdgang: blue
(18:38 / Allies) Birdgang: why u have 2k gold
(18:47 / Allies) Birdgang: meet
(18:48 / Allies) Birdgang: come
(19:29 / All) Yippie-aye-ay: You realize you are dead green and orange?
(19:54 / Allies) Birdgang: rape lol
(20:13 / Allies) Birdgang: hit hm
(20:20 / Allies) Birdgang: buy tp
(20:21 / Allies) Birdgang: then go
(20:21 / All) adadadadad: bug?
(20:22 / All) adadadadad: wtf
(20:43 / All) Birdgang: noob pink
(20:47 / Allies) Leandro0001: tp?
(20:49 / All) adadadadad: out you lose bye bye
(20:51 / Allies) Birdgang: only 1
(20:51 / Allies) Birdgang: tp
(20:52 / Allies) Birdgang: not all
(21:08 / All) Birdgang: gj u killed a main hall
(21:08 / All) Birdgang: rofl
(21:12 / All) adadadadad: thanks
(21:15 / All) adadadadad: I killed an expo too
(21:17 / All) adadadadad: I'm proud of myself
(21:19 / All) Birdgang: #goals
(22:47 / All) Birdgang: gg
(23:04 / All) adadadadad: surrendering already?
(23:08 / Allies) Birdgang: ...
(23:32 / Allies) Leandro0001: yellow a trollplayuer
(23:39 / Allies) Birdgang: fuck u doing yellow
(23:47 / All) Birdgang: Nah man i just have things to do in real life
(23:52 / All) Birdgang: No waste all day in a gam
(24:22 / Allies) Birdgang: the fuck u doing yellow
(24:29 / Allies) Leandro0001: abuser player
(24:31 / Allies) Leandro0001: gg
(24:36 / Allies) Birdgang: blue
(24:37 / Allies) Birdgang: save repa
(24:41 / Allies) Birdgang: send it in
(24:45 / Allies) Birdgang: im goin to
(24:50 / Allies) Yippie-aye-ay: Don't report me, it's myl ast key
(24:55 / Allies) Birdgang: cya
(24:55 / Allies) Yippie-aye-ay: My other 5 got reported already
(25:00 / Allies) Birdgang: im defintintely doin it lol
(25:05 / All) Birdgang: savin rep
(25:13 / Allies) Yippie-aye-ay: I'll put a curse on your whole family
(25:13 / All) adadadadad: gonna treasure your rape?
(25:17 / Allies) Yippie-aye-ay: I know black magic you know
(25:25 / Allies) Birdgang: u know black dick
(25:28 / Allies) Birdgang: u mean
(25:36 / Allies) Yippie-aye-ay: Are you a fag?
(25:41 / Allies) Yippie-aye-ay: What are you talkinga bout penis for?
(25:44 / All) Birdgang: no seems like u r tho
(25:47 / Allies) Birdgang: bsing ur teammates
(25:50 / Allies) Yippie-aye-ay: You're the one talking about dick
(25:54 / Allies) Yippie-aye-ay: God you got a gutter mind!
(25:59 / Allies) Birdgang: talking about dick? im stating what youre into
(26:02 / All) Yippie-aye-ay: Red's mind is in the gutter, watches too much cuck porn
(26:10 / All) Yippie-aye-ay: red watches interracial cuck porn, point and laugh
(26:16 / All) adadadadad: HAHA!
(26:16 / Allies) Birdgang: toxic lil cunt
(26:23 / Allies) Birdgang: blue save rep
(26:25 / Allies) Birdgang: 4 real
(26:32 / Allies) Birdgang: they will ban
(26:35 / Allies) Birdgang: if u send proof
(26:35 / All) Yippie-aye-ay: Anyoen that uses the word toxic like that is a guaranteed queer
(26:49 / Allies) Birdgang: ban isp too
(26:51 / Allies) Birdgang: not just cd key
(27:28 / All) adadadadad: raped noob
(28:12 / All) Yippie-aye-ay: Yippie-aye-ay
(28:17 / All) Yippie-aye-ay: Yippie-aye-oh
(28:22 / All) Yippie-aye-ay: Ghost riders in the sky...
(28:52 / All) adadadadad: wonder if tranquility cooldown was always so short
(29:07 / All) Yippie-aye-ay: it was always short
(29:12 / All) Yippie-aye-ay: but I don't know if it's shorter
(29:16 / All) Yippie-aye-ay: It's a bullshit ult for 4v4 for sure
(29:23 / All) Yippie-aye-ay: KOTG needed no buff
(29:34 / All) Yippie-aye-ay: that shit heals tanks and gyros too
(29:39 / All) adadadadad: wow
(30:46 / All) Yippie-aye-ay: KOTG was already a very strong heroa nd in some cases OP
(30:52 / All) Yippie-aye-ay: classic team is clueless
(30:55 / All) adadadadad: entangle is insane and even crazier now
(30:59 / All) Yippie-aye-ay: Yeah
(31:04 / All) adadadadad: it was considered OP years ago in team games
(31:06 / All) adadadadad: so it got nerfed
(31:11 / All) Yippie-aye-ay: now they buff it lol
(31:12 / All) adadadadad: and was still strong in them
(31:15 / All) Yippie-aye-ay: it was insane for team games
(31:26 / All) Yippie-aye-ay: AT teams used to mass archers with 4 kotg
(31:31 / All) adadadadad: it used to be the strongest hero in 2v2
(31:38 / All) adadadadad: and now it's even stronger than it was then before nerf
(31:57 / All) Yippie-aye-ay: Rice and them would rape with 4 KOTG
(33:08 / All) Yippie-aye-ay: red base
(33:13 / All) Yippie-aye-ay: I'm killing my stuff but got lots
(33:30 / All) adadadadad: hate how when you have other race heroes am has lower priority than them usually
(33:36 / All) adadadadad: AM priority should always be first in a control group
(35:20 / All) Yippie-aye-ay: They all left before I could rape them with 100 food
(35:25 / All) Yippie-aye-ay: they tried attacking my base too adn got raped
(35:28 / All) adadadadad: I think it may have been bug
(35:31 / All) adadadadad: they didn't say anything
(35:32 / All) Yippie-aye-ay: no
(35:34 / All) adadadadad: and it was sudden
(35:36 / All) Yippie-aye-ay: they lost everythinga t my base
(35:39 / All) adadadadad: oh
(35:41 / All) Yippie-aye-ay: then rage quit
(35:46 / All) adadadadad: this game was smooth
(35:58 / All) Yippie-aye-ay: blue didn't have shop in his main
(36:03 / All) Yippie-aye-ay: so my am died
(36:13 / All) Yippie-aye-ay: then I had to use my tp to save hero from them focusing
(36:21 / All) Yippie-aye-ay: and forgot I didn't have onea nd got your team got it again
(36:47 / All) Yippie-aye-ay: Blue not talking so when that hall dies to workers that's game